 Dungeon Crawl Stone Soup version 0.31.0-11-ge490571c62 (webtiles) character file.

Game seed: 43320093688133490

252 qw the Ducker (level 5, 0/26 HPs)
             Began as a Spriggan Hunter on Feb 3, 2024.
             Slain by a gnoll
             ... wielding a +0 flail
              (8 damage)
             ... on level 4 of the Dungeon.
             The game lasted 00:00:04 (1030 turns).

qw the Ducker (Spriggan Hunter)                     Turns: 1030, Time: 00:00:05

Health: 0/26       AC:  2    Str:  7    XL:     5   Next: 89%
Magic:  6/6        EV: 22    Int: 11    God:
Gold:   76         SH:  0    Dex: 20    Spells: 4/4 levels left

rFire   + . .        a - +0 shortbow
rCold   + . .        (shield currently unavailable)
rNeg    . . .        c - +0 robe
rPois   .            (helmet restricted)
rElec   .            e - scarf {rC+ rF+}
rCorr   .            (gloves unavailable)
SInv    +            (boots unavailable)
Will    .....        (no amulet)
Stlth   ++           (no ring)
HPRegen 0.24/turn    (no ring)
MPRegen 0.10/turn

%: no passive effects
@: very quick
A: very small, no large weapons, unfitting armour, see invisible, speed 3
a: no special abilities


You were on level 4 of the Dungeon.
You visited 1 branch of the dungeon, and saw 3 of its levels.

You collected 76 gold pieces.


Innate Abilities, Weirdness & Mutations

You are very small and have problems with some larger weapons.
You are too small for most types of armour.
You have supernaturally acute eyesight. (SInv)
You cover ground extremely quickly. (Speed+++)


   Skills:
 + Level 1.9 Fighting
 - Level 5.0 Ranged Weapons
 - Level 7.0 Dodging
 - Level 1.5 Stealth


You had 4 spell levels left.
You didn't know any spells.
Your spell library was empty.

Inventory:

Hand Weapons
 a - a +0 shortbow (weapon)
Armour
 c - a +0 robe (worn)
 e - a scarf of resistance (worn)
 f - a +0 cloak
Jewellery
 j - an amulet of regeneration
Scrolls
 b - 2 scrolls of identify {unknown}
 h - a scroll of fear {unknown}
Potions
 d - a potion of lignification {unknown}
 g - 2 potions of haste {unknown}
 i - a potion of enlightenment {unknown}

Dungeon Overview and Level Annotations

Branches:
Dungeon (2/15)

Altars:

Annotations:
D:1 1 runed translucent door


Message History

You kill the goblin!
A malevolent force fills the Dungeon...
You fall into a shaft and drop 2 floors!
The shaft crumbles and collapses.
Found a club.
Waypoint 2 assigned to D:4.
Found a flux talisman.
Found a long sword.
A black bear comes into view.
Found a cloak.
A malevolent force fills the Dungeon... and a teleportation trap spontaneously manifests!
You are yanked towards some nearby monsters!
Your surroundings suddenly seem different. 2 gnolls come into view.
Found 15 gold pieces.
The gnoll shouts!
You hear a shout!
A gnoll comes into view. It is wielding a +0 club.
The black bear moves out of view.
You shoot an arrow. The arrow hits the gnoll.
The gnoll is lightly wounded.
You shoot an arrow. The arrow hits the gnoll!
The gnoll is severely wounded.
The gnoll hits you with a +0 club. The gnoll completely misses you.
You shoot an arrow. The arrow barely misses the gnoll.
The gnoll barely misses you. The gnoll misses you.
You shoot an arrow. The arrow closely misses the gnoll.
The gnoll hits you with a +0 club. The gnoll completely misses you. x2
The gnoll closely misses you.
A kobold comes into view. It is wielding a +0 dagger.
You shoot an arrow. The kobold shouts!
The arrow hits the gnoll.
You kill the gnoll!
A scorpion comes into view.
The gnoll hits you with a +0 flail!
Ouch! That really hurt!
You shoot an arrow. The arrow hits the gnoll.
The gnoll is moderately wounded.
The gnoll completely misses you. The gnoll hits you with a +0 flail!
You die...

### #.. #
#.# ##.#.#
#..g@#
#...g.....#
#..$...##.#
#........
......#.##.
.....K....
.#
#...#.###..#
. ####.. ...


You could see 2 gnolls and a kobold.

Vanquished Creatures
  Sigmund (D:2)
  A gnoll (D:4)
  2 adders (D:2)
  A dart slug (D:1)
  8 ball pythons
  5 bats
  An endoplasm (D:2)
  2 giant cockroaches
  2 goblins
  4 hobgoblins
  5 jackals (D:1)
  3 kobolds
  2 quokkas
  A frilled lizard (D:1)
  12 rats
50 creatures vanquished.

Notes
Turn   | Place    | Note
-------+----------+-------------------------------------------
     0 | D:1      | qw the Spriggan Hunter began the quest for the Orb.
     0 | D:1      | Reached XP level 1. HP: 10/10 MP: 2/2
     0 | D:1      | 0 ||| qw: Version: 0.3-a-158-g18b3111
     0 | D:1      | 0 ||| qw: Game counter: 4088
     0 | D:1      | 0 ||| qw: Melee chars always use a shield: true
     0 | D:1      | 0 ||| qw: God list: Okawaru
     0 | D:1      | 0 ||| qw: Allow faded altars: false
     0 | D:1      | 0 ||| qw: Do Orc after clearing Dungeon:15 true
     0 | D:1      | 0 ||| qw: Do second Lair branch before Depths: true
     0 | D:1      | 0 ||| qw: Lair rune preference: random
     0 | D:1      | 0 ||| qw: Goals: Normal
     0 | D:1      | 0 ||| PLANNING D:1-11
     1 | D:1      | Found a runed translucent door.
    18 | D:1      | Reached skill level 3 in Dodging
   197 | D:1      | Reached XP level 2. HP: 14/14 MP: 3/3
   232 | D:1      | Reached skill level 4 in Dodging
   443 | D:1      | Reached XP level 3. HP: 16/18 MP: 4/4
   675 | D:1      | 675 ||| UPGRADING to scarf of resistance.
   680 | D:1      | 680 ||| READING scroll labelled JIRHIO ANOUHIA.
   681 | D:1      | 681 ||| DROPPING scroll of butterflies.
   691 | D:2      | 691 ||| STAIRDANCE
   849 | D:2      | Noticed Sigmund
   857 | D:2      | Killed Sigmund
   858 | D:2      | Reached skill level 7 in Dodging
   858 | D:2      | Reached XP level 4. HP: 22/22 MP: 5/5
   858 | D:2      | Reached XP level 5. HP: 25/25 MP: 6/6
  1015 | D:2      | You fall into a shaft and drop 2 floors!
  1024 | D:4      | Noticed a black bear
  1030 | D:4      | Slain by a gnoll

Levels and vault maps discovered:
D:1:      dpeg_arrival_caged_fury, layout_basic, serial_park_tiny_1
D:2:      layout_rooms, minmay_rat_gold_closets, uniq_sigmund
D:4:      layout_rooms, grunt_ministairs_14

Skill      XL: |  1  2  3 |
---------------+----------+-----
Dodging        | 3 4 7 |  7.0
Ranged Weapons | 5 |  5.0
Fighting       | |  1.9
Stealth        | |  1.5

Action                     |  1- 3 |  4- 6 || total
---------------------------+-------+-------++-------
   Fire: Shortbow          |    94 |    24 ||   118
    Use: Scroll            |     1 |       ||     1
 Armour: Robe              |    12 |     4 ||    16
  Dodge: Dodged            |    35 |     7 ||    42

Table legend:
 A = Non-vault XP
 B = Vault XP
 C = Vault XP percentage of total XP
 D = Non-vault monster count
 E = Vault monster count
 F = Vault count percentage of total count
                 A         B        C        D         E       F
            +---------+---------+-------+---------+---------+-------
      Total |     108 |     252 |  70.0 |      40 |      10 |  20.0
            +---------+---------+-------+---------+---------+-------
        D:1 |      44 |       0 |   0.0 |      23 |       0 |   0.0
        D:2 |      49 |     252 |  83.7 |      16 |      10 |  38.5
        D:4 |      15 |       0 |   0.0 |       1 |       0 |   0.0
            +---------+---------+-------+---------+---------+-------
